Map: Ruby Rock LE

Players

trigger - Winner!

  • Race: Protoss Protoss
  • League: Grandmaster
  • Spawn Location: 5:00

LetaleX

  • Race: Protoss Protoss
  • League: Grandmaster
  • Spawn Location: 11:00

VOD

Have the link to the VOD?

Description

Time

  • Played on: Jan. 31, 2026, 1:04 p.m.
  • Length: 5:57
Show
View Real Time Build Order
Export as new Build Order

trigger Protoss - Winner!

Build Orders:  

Get SALT Encoding   

  12  0:00  Probe  
  13  0:12  Probe  
  14  0:16  Pylon  
  14  0:23  Probe  
  15  0:31  Probe  
  16  0:35  Gateway  
  16  0:39  Probe  
  16  0:45  Assimilator  
  17  0:50  Probe  
  17  0:54  Assimilator  
  18  0:59  Probe  
  19  1:07  Probe  
  19  1:10  Gateway  
  19  1:17  Probe  
  20  1:23  Cybernetics Core  
  21  1:29  Probe  
  22  1:35  Pylon  
  22  1:41  Probe  
  23  1:57  Adept  
  23  1:59  Adept  
  27  2:02  Robotics Facility  
  27  2:08  Pylon  
  27  2:09  Warp Gate  
  27  2:24  Pylon  
  27  2:28  Pylon  
  29  2:36  Sentry  
  29  2:45  Pylon  
  29  2:52  Stalker  
  29  2:57  Stalker  
  31  3:02  Shield Battery  
  26  3:16  Pylon  
  25  3:21  Probe  
  26  3:33  Probe  
  23  3:38  Immortal  
  25  3:46  Probe  
  26  3:57  Sentry, Stalker  
  26  3:59  Probe  
  31  4:11  Probe  
  32  4:21  Stalker x2  
  34  4:42  Warp Prism  
  36  4:45  Sentry x2  
  40  4:53  Shield Battery  
  40  5:03  Gateway  
  40  5:15  Probe  
  40  5:20  Stalker x2  
Show
View Real Time Build Order
Export as new Build Order

LetaleX Protoss 

Build Orders:  

Get SALT Encoding   

  12  0:00  Probe  
  13  0:12  Probe  
  14  0:24  Probe  
  15  0:39  Pylon  
  15  0:57  Probe, Gateway  
  15  0:58  Gateway  
  15  1:02  Assimilator  
  16  1:09  Probe, Pylon  
  17  1:21  Probe  
  18  1:33  Probe  
  19  1:42  Zealot  
  19  1:43  Zealot  
  19  1:44  Cybernetics Core  
  19  1:45  Probe  
  24  1:57  Probe  
  25  2:02  Zealot  
  25  2:03  Zealot  
  25  2:04  Pylon  
  25  2:09  Probe  
  30  2:18  Stalker  
  30  2:20  Assimilator  
  30  2:27  Stalker  
  30  2:47  Stalker  
  30  2:54  Gateway  
  30  2:58  Stalker  
  30  3:04  Warp Gate  
  32  3:08  Stalker  
  30  3:35  Stalker  
  30  3:39  Stalker  
  29  3:47  Gateway  
  31  4:01  Nexus  
  31  4:07  Sentry  
  31  4:16  Probe  
  34  4:20  Twilight Council  
  32  4:28  Probe  
  26  4:46  Pylon, Gateway  
  26  4:52  Stalker  
  27  4:53  Stalker  
  29  5:04  Shield Battery  
  29  5:12  Probe  
  30  5:18  Stalker x2  
  34  5:26  Shield Battery  
  29  5:42  Stalker x2  
  32  5:45  Sentry  
Tags
 
Add a new tag
Caveats
  • Supply blocks, unpowered buildings, or Contaminate may cause inaccurate times.
  • Supply counts are checked every 10 seconds.